 Dungeon Crawl Stone Soup version 0.31.0-11-ge490571c62 (webtiles) character file.

Game seed: 5873602849844233674

60 Curundu the Chopper (level 3, -1/51 HPs)
             Began as a Minotaur Berserker on Feb 6, 2024.
             Was a Believer of Trog.
             Slain by an ice beast (14 damage)
             ... on level 6 of the Dungeon.
             The game lasted 00:04:02 (1099 turns).

Curundu the Chopper (Minotaur Berserker)            Turns: 1099, Time: 00:04:02

Health: -1/51      AC:  8    Str: 23    XL:     3   Next: 80%
Magic:  2/2        EV:  9    Int:  4    God:    Trog [**....]
Gold:   124        SH:  0    Dex:  9    Spells: 2/2 levels left

rFire   . . .        a - +1 hand axe (heavy)
rCold   . . .        (no shield)
rNeg    . . .        g - +0 chain mail
rPois   .            (helmet restricted)
rElec   .            (no cloak)
rCorr   .            (no gloves)
SInv    .            (no boots)
Will    .....        (no amulet) Stlth
                     (no ring)
HPRegen 0.28/turn    (no ring)
MPRegen 0.08/turn

%: no passive effects
@: berserking, very quick
A: horns 2, retaliatory headbutt
a: Renounce Religion, Berserk, Trog's Hand


You were on level 6 of the Dungeon.
You worshipped Trog.
Trog was pleased with you.
You visited 1 branch of the dungeon, and saw 4 of its levels.

You collected 124 gold pieces.

Inventory:

Hand Weapons
 a - a +1 heavy hand axe (weapon)
 h - a +0 war axe
Missiles
 f - 2 boomerangs (quivered)
Armour
 g - a +0 chain mail (worn)
Jewellery
 o - a +5 ring of evasion
Scrolls
 c - a scroll of brand weapon
 d - a scroll of identify
Potions
 b - 2 potions of resistance
 e - a potion of heal wounds {unknown}
 j - 2 potions of curing
 k - 3 potions of invisibility
 m - a potion of degeneration {unknown}


   Skills:
 + Level 4.4 Fighting
 + Level 4.5 Axes
 + Level 2.6 Armour
 + Level 2.9 Dodging


You had 2 spell levels left.
You didn't know any spells.
Your spell library was empty.

Dungeon Overview and Level Annotations

Branches:
Dungeon (3/15)

Altars:
Zin


Innate Abilities, Weirdness & Mutations

You have a pair of horns on your head.
You reflexively headbutt those who attack you in melee.


Message History

You kill the rat!
Trog accepts your kill.
You see here a rat corpse.
Found a war axe.
The kobold throws a poisoned dart.
The poisoned dart closely misses you. The kobold hits you but does no damage.
You hit the kobold.
You kill the kobold!
Trog accepts your kill.
Things that are here:
a +0 short sword; 5 poisoned darts You see here a +0 war axe.
h - a +0 war axe
Found 8 stones.
You see here 8 stones.
A malevolent force fills the Dungeon...
You fall into a shaft and drop 3 floors!
The shaft crumbles and collapses.
Found 4 gold pieces.
Found a stone staircase leading down.
An ice beast comes into view.
The ice beast barely misses you.
You completely miss the ice beast. The ice beast hits you.
The ice beast freezes you!
You closely miss the ice beast.
The ice beast hits you but does no damage.
The ice beast closely misses you.
You hit the ice beast. You headbutt the ice beast.
The ice beast is moderately wounded.
The ice beast hits you. The ice beast freezes you!
* * * LOW HITPOINT WARNING * * *
A red film seems to cover your vision as you go berserk!
You feel yourself moving faster!
You feel mighty!
The ice beast hits you but does no damage.
You closely miss the ice beast.
The ice beast is moderately wounded.
The ice beast hits you.
* * * LOW HITPOINT WARNING * * *
The ice beast freezes you!
You die...

#.. .. #.##.#
#.#..#
.#####.#.##
....#.....##
............##
.............#
.>...........#
........@...$#
........Y....#
.............#
............##
....#.....##
###########


You could see an ice beast.

Vanquished Creatures
  A gnoll (D:1)
  An adder (D:2)
  A ribbon worm (D:2)
  A dart slug (D:2)
  4 bats
  3 endoplasms
  A goblin (D:2)
  4 hobgoblins
  3 jackals (D:2)
  6 kobolds
  A quokka (D:2)
  4 ball pythons
  3 frilled lizards
  3 rats
36 creatures vanquished.

Notes
Turn   | Place    | Note
-------+----------+-------------------------------------------
     0 | D:1      | Curundu the Minotaur Berserker began the quest for the Orb.
     0 | D:1      | Reached XP level 1. HP: 19/19 MP: 0/0
   205 | D:1      | Reached XP level 2. HP: 10/27 MP: 1/1
   563 | D:2      | Reached XP level 3. HP: 33/33 MP: 2/2
   638 | D:2      | Found a glowing silver altar of Zin.
   725 | D:2      | Reached ** piety under Trog
  1088 | D:3      | You fall into a shaft and drop 3 floors!
  1091 | D:6      | Noticed an ice beast
  1099 | D:6      | Slain by an ice beast

Illustrated notes

Levels and vault maps discovered:
D:1:      heliophobic_arrival_enchanted_forest, layout_rooms
D:2:      layout_rooms, basic_altar, minmay_pentomino_s2
D:3:      layout_loops_ring
D:6:      layout_rooms, nicolae_qazlal_beasts_of_the_sky

Skill      XL: |  1  2 |
---------------+-------+-----
Axes           | 4 |  4.5
Fighting       | 4 |  4.4
Armour         | |  2.6
Dodging        | |  2.9

Action                     || total
---------------------------++-------
  Melee: Hand axe          ||    75
         Headbutt          ||     9
         Punch             ||     1
 Invoke: Berserk           ||     1
    Use: Scroll            ||     8
 Armour: Animal skin       ||    12
         Chain mail        ||    57
  Dodge: Dodged            ||    44
